cohdb
Replays
Latest Replays
All Replays
Popular Replays
Top Player Replays
Match Explorer
How It Works
Community
CoH3 Stats
Reddit
Sign in to upload your games and track your stats! →
Sign in with Steam
Match 43156397
Unlisted
Match 43156397
Overview
Messages
Build Orders
End
Selects Italian Combined Arms Battlegroup
Selects Italian Combined Arms Battlegroup
Selects Italian Combined Arms Battlegroup
Selects Bersaglieri Squad
Bersaglieri Squad
250 Light Carrier
Bersaglieri Squad
Construct Light Support Kompanie
2.5-tonne Medical Truck
Selects Bersaglieri Bolster
Construct Mechanized Kompanie
Bersaglieri Squad
祸乱之炮手
Rice Shower
Xi jinping
w1nt3r
Dezza
matrix4x4
猎狐
DiMeL
0
0
Comments
sign in to comment!
No comments posted yet!